 Dungeon Crawl Stone Soup version 0.31-a0-949-g57150269e1 (webtiles) character file.

Game seed: 15389213641943968871

10763 sampeng1 the Cleaver (level 11, -4/102 HPs)
             Began as a Minotaur Berserker on Oct 22, 2023.
             Was a High Priest of Trog.
             Slain by a boulder beetle (19 damage)
             ... while petrified by a basilisk
             ... on level 1 of the Lair of Beasts.
             The game lasted 00:26:26 (9472 turns).

sampeng1 the Cleaver (Minotaur Berserker)           Turns: 9472, Time: 00:26:27

Health: -4/102     AC: 25    Str: 27    XL:     11   Next: 40%
Magic:  10/10      EV:  2    Int: 10    God:    Trog [*****.]
Gold:   94         SH:  0    Dex:  9    Spells: 10/10 levels left

rFire   . . .        w - +2 war axe (flame)
rCold   . . .        (no shield)
rNeg    + + +        d - +2 plate armour
rPois   ∞            D - +1 hat
rElec   .            (no cloak)
rCorr   .            f - +2 pair of gloves
SInv    .            q - +2 pair of boots
Will    .....        r - amulet of reflection Stlth
                     g - +6 ring of intelligence
HPRegen 0.37/turn    (no ring)
MPRegen 0.12/turn

%: reflection
@: petrified
A: horns 2, retaliatory headbutt
a: Renounce Religion, Berserk, Trog's Hand, Brothers in Arms


You were on level 1 of the Lair of Beasts.
You worshipped Trog.
Trog was extremely pleased with you.
You visited 2 branches of the dungeon, and saw 10 of its levels.

You collected 454 gold pieces.
You spent 360 gold pieces at shops.

Inventory:

Hand Weapons
 w - a +2 war axe of flaming (weapon)
Missiles
 h - 16 boomerangs
 j - 18 poisoned darts
 o - 2 silver javelins
 y - 8 throwing nets
Armour
 d - a +2 plate armour (worn)
 f - a +2 pair of gloves (worn)
 q - a +2 pair of boots (worn)
 D - a +1 hat (worn)
Jewellery
 c - a ring of magical power
 g - a +6 ring of intelligence (left hand)
 n - an amulet of magic regeneration
 r - an amulet of reflection (around neck)
 z - a ring of fire
Wands
 e - a wand of roots (9)
 p - a wand of digging (8)
 v - a wand of flame (37)
 A - a wand of mindburst (16)
Scrolls
 a - 4 scrolls of identify (quivered)
 b - 3 scrolls of torment
 l - 3 scrolls of vulnerability
 m - 2 scrolls of fog
 t - a scroll of fear
 u - a scroll of blinking
 C - a scroll of noise {unknown}
Potions
 i - a potion of resistance
 k - a potion of lignification
 s - 4 potions of curing
 x - 2 potions of might
 B - a potion of heal wounds


   Skills:
 + Level 11.4 Fighting
 + Level 11.4 Axes
 + Level 11.1 Armour
 + Level 10.2 Dodging


You had 10 spell levels left.
You didn't know any spells.
Your spell library was empty.

Dungeon Overview and Level Annotations

Branches:
Dungeon (9/15)             Temple (0/1) D:5            Lair (1/5) D:9
    Orc: D:9-12

Altars:
Ashenzari
Cheibriados
Dithmenos
Kikubaaqudgha
Makhleb
Ru
Yredelemnul
Zin

Shops:
D:8 =


Innate Abilities, Weirdness & Mutations

You have a pair of horns on your head.
You reflexively headbutt those who attack you in melee.


Message History

You kill the water moccasin!
Trog accepts your kill. The basilisk gazes at you. You resist with some effort.
The komodo dragon bites you but does no damage.
The basilisk bites you.
You see here a +0 robe.
You hit the basilisk. You burn the basilisk.
The basilisk is lightly wounded.
You slash the komodo dragon! You burn the komodo dragon.
The komodo dragon bites you!! The basilisk gazes at you.
You are slowing down.
You miss the basilisk. Your headbutt misses the basilisk.
The basilisk is lightly wounded.
You closely miss the komodo dragon.
The komodo dragon bites you but does no damage.
The basilisk gazes at you.
Your limbs have turned to stone.
The komodo dragon barely misses you.
You have turned to stone.
The basilisk bites you!
* * * LOW HITPOINT WARNING * * *
The komodo dragon bites you but does no damage.
The boulder beetle waves its antennae.
The basilisk hisses menacingly.
The basilisk bites you.
* * * LOW HITPOINT WARNING * * *
The komodo dragon bites you!
* * * LOW HITPOINT WARNING * * *
The boulder beetle curls into a ball and begins rolling!
The basilisk bites you!
* * * LOW HITPOINT WARNING * * *
The komodo dragon completely misses you.
The basilisk bites you but does no damage.
The komodo dragon bites you but does no damage.
The basilisk gazes at you. The komodo dragon bites you!
* * * LOW HITPOINT WARNING * * *
The boulder beetle hits you!!!
You die...

.# #.....P......
.###........(...........
...#....................
................#.......
................ .......
..............# .......
#..#...†.....####.......
#).###.†.#..##..#B......
#..# #..........@l°.....
#......##.......#l.°....
.......##..#............
.#....#.#.##...##.......
#..........#...# .......
..........>.............
#....#........##.#......
##........ .8..#...


You could see a boulder beetle (rolling), a komodo dragon and a basilisk.

Vanquished Creatures
  Gastronok (Lair:1)
  Harold (D:9)
  A sun demon (D:9)
  Pikel (D:7)
  An elephant (D:9)
  A cane toad (Lair:1)
  An orange demon (D:9)
  A smoke demon (D:9)
  A komodo dragon (Lair:1)
  2 trolls
  A hornet (D:7)
  Grinder (D:5)
  Prince Ribbit (D:7)
  A shadow (D:9)
  2 wyverns
  3 yaks (D:9)
  2 basilisks
  A chaos spawn (D:9)
  3 water moccasins
  2 sky beasts
  3 ice beasts
  2 black bears
  4 orc warriors
  A centaur (D:6)
  2 lemures (D:7)
  2 gnoll sergeants
  2 kobold brigands (D:9)
  5 bullfrogs
  3 scorpions
  11 wights
  3 vampire bats (D:4)
  4 howler monkeys
  A lava snake (D:7)
  4 quasits (D:9)
  2 jellies (D:5)
  6 orc priests
  3 gnoll boudas
  5 hounds
  4 iguanas
  7 orc wizards
  21 gnolls
  10 adders
  3 shadow imps
  A worm (D:2)
  2 dart slugs
  30 orcs
  11 ball pythons
  6 bats
  2 bat skeletons (D:4)
  2 bat zombies (D:4)
  7 endoplasms
  4 giant cockroaches
  4 goblins
  3 hobgoblins
  6 jackals (D:1)
  26 kobolds
  3 quokkas
  A frilled lizard (D:3)
  7 rats
251 creatures vanquished.

Notes
Turn   | Place    | Note
-------+----------+-------------------------------------------
     0 | D:1      | sampeng1 the Minotaur Berserker began the quest for the
                  | Orb.
     0 | D:1      | Reached XP level 1. HP: 19/19 MP: 0/0
   139 | D:1      | Reached XP level 2. HP: 27/27 MP: 1/1
   541 | D:1      | Reached ** piety under Trog
   547 | D:1      | Reached XP level 3. HP: 33/33 MP: 2/2
  1905 | D:2      | Reached XP level 4. HP: 41/41 MP: 3/3
  2081 | D:2      | Found a faded altar of an unknown god.
  2643 | D:3      | Reached XP level 5. HP: 44/47 MP: 4/4
  2758 | D:3      | Reached *** piety under Trog
  3171 | D:4      | Reached skill level 5 in Axes
  3174 | D:4      | Reached skill level 5 in Fighting
  3174 | D:4      | Found a basalt altar of Yredelemnul.
  3184 | D:4      | Reached XP level 6. HP: 48/56 MP: 5/5
  3429 | D:4      | Found an ancient bone altar of Kikubaaqudgha.
  3509 | D:4      | Noticed an orc warrior
  3523 | D:4      | Killed an orc warrior
  3524 | D:4      | Reached skill level 5 in Armour
  3524 | D:4      | Reached XP level 7. HP: 62/62 MP: 6/6
  3572 | D:4      | Found a sacrificial altar of Ru.
  3705 | D:4      | Reached skill level 5 in Dodging
  4025 | D:5      | Entered Level 5 of the Dungeon
  4040 | D:5      | Found a snail-covered altar of Cheibriados.
  4055 | D:5      | Noticed Grinder
  4064 | D:5      | Reached **** piety under Trog
  4069 | D:5      | Paralysed by Grinder for 2 turns
  4077 | D:5      | Killed Grinder
  4078 | D:5      | Reached XP level 8. HP: 28/71 MP: 7/7
  4622 | D:5      | Found a staircase to the Ecumenical Temple.
  5513 | D:6      | Reached XP level 9. HP: 58/81 MP: 8/8
  5601 | D:6      | Found a burning altar of Makhleb.
  5991 | D:7      | Noticed Prince Ribbit
  5994 | D:7      | Killed Prince Ribbit
  6071 | D:7      | Noticed Pikel
  6082 | D:7      | Killed Pikel
  6300 | D:7      | Found a shadowy altar of Dithmenos.
  6744 | D:7      | Found a glowing silver altar of Zin.
  7277 | D:8      | Reached XP level 10. HP: 71/91 MP: 9/9
  7281 | D:8      | Found Ijuerub's Jewellery Shoppe.
  7340 | D:8      | Identified the staff "Faevookk" {rPois rCorr Int-2 Stlth+
                  | Conj}
  7343 | D:8      | Bought an amulet of reflection for 360 gold pieces
  7471 | D:8      | Found a broken altar of Ashenzari.
  7627 | D:8      | Reached ***** piety under Trog
  8170 | D:9      | Reached skill level 10 in Axes
  8173 | D:9      | Reached skill level 10 in Fighting
  8317 | D:9      | Noticed a smoke demon
  8317 | D:9      | Noticed a sun demon
  8329 | D:9      | Killed a sun demon
  8332 | D:9      | Killed a smoke demon
  8333 | D:9      | Reached skill level 10 in Armour
  8854 | D:9      | Noticed an elephant
  8855 | D:9      | Found a staircase to the Lair.
  8857 | D:9      | Noticed Harold
  8865 | D:9      | Killed an elephant
  8872 | D:9      | Killed Harold
  8873 | D:9      | Reached XP level 11. HP: 78/101 MP: 10/10
  9286 | Lair:1   | Entered Level 1 of the Lair of Beasts
  9288 | Lair:1   | Noticed Gastronok
  9305 | Lair:1   | Reached skill level 10 in Dodging
  9310 | Lair:1   | Killed Gastronok
  9447 | Lair:1   | Noticed a boulder beetle
  9472 | Lair:1   | Slain by a boulder beetle

Illustrated notes

Levels and vault maps discovered:
D:1:      orjb1_clovarrival, layout_basic, minivault_23
D:2:      layout_loops_corners, dreamdust_ecumenical_altar_grove,
          grunt_ministairs_11
D:3:      layout_basic, minmay_surrounded
D:4:      layout_basic, kennysheep_vampire_church, nicolae_ru_path_of_blood,
          minmay_ruined_shrine
D:5:      layout_cave_pools, mainiacjoe_overflow_surrounded_room,
          minmay_temple_entry_enclosed_plants, uniq_grinder
D:6:      layout_loops_ring, makhleb_heckhound_becter
D:7:      cheibrodos_iron_armory, layout_loops_ring,
          lemuel_coloured_pillars_altar, amcnicky_altar_gilded,
          kennysheep_crisscross, kennysheep_generic_room_3, uniq_prince_ribbit1,
          uniq_pikel
D:8:      layout_basic, marbit_many_paths, serial_shops, nicolae_shop_stone
D:9:      layout_roguey, david_lair_generic, serial_demonic, serial_demonic_a,
          serial_demonic_f, serial_demonic_e, serial_demonic_e, nicolae_wwwww,
          grunt_decor_cap, uniq_harold
Lair:1:   layout_gridlike, nicolae_lair_run_with_the_wolves, grunt_megastairs_1,
          uniq_gastronok

Skill      XL: |  1  2  3  4  5  6  7  8  9 10 11 |
---------------+----------------------------------+-----
Fighting       | 4 5 6 7 9 10 11 | 11.4
Axes           | 4 5 6 7 9 11 | 11.4
Armour         | 3 4 5 6 7 9 10 11 | 11.1
Dodging        | 3 4 5 6 8 9 10 | 10.2

Action                     |  1- 3 |  4- 6 |  7- 9 | 10-12 || total
---------------------------+-------+-------+-------+-------++-------
  Melee: Hand axe          |    96 |   122 |    67 |       ||   285
         Headbutt          |    11 |    18 |    31 |    38 ||    98
         War axe           |       |       |   131 |   188 ||   319
         Punch             |       |       |       |     4 ||     4
 Invoke: Berserk           |       |     2 |     3 |     4 ||     9
    Use: Scroll            |     4 |       |    14 |     2 ||    20
         Potion            |     2 |       |     3 |       ||     5
 Armour: Animal skin       |    25 |       |       |       ||    25
         Ring mail         |    42 |     2 |       |       ||    44
         Scale mail        |       |    24 |       |       ||    24
         Chain mail        |       |    75 |    19 |       ||    94
         Plate armour      |       |       |   165 |   188 ||   353
  Dodge: Dodged            |    57 |    78 |   110 |    95 ||   340
  Block: Other             |       |       |       |    43 ||    43
         Reflection        |       |       |       |     2 ||     2

Table legend: (Time is in decaauts)
 A = Elapsed time spent in this place.
 B = Non-inter-level travel time spent in this place.
 C = Inter-level travel time spent in this place.
 D = Time resting spent in this place.
 E = Time spent auto-exploring this place.
 F = Levels seen in this place.
 G = Mean time per level.
                   A        B        C        D        E       F      G
               +--------+--------+--------+--------+--------+-----+--------+
         Total |   9571 |   9021 |    550 |    221 |   6977 |  10 |  957.1 |
       Dungeon |   9381 |   8831 |    550 |    221 |   6859 |   9 | 1042.3 |
          Lair |    190 |    190 |      0 |      0 |    118 |   1 |  190.0 |
               +--------+--------+--------+--------+--------+-----+--------+

Top non-repeatable levels by time:
     D:7: 1290 daAuts
     D:9: 1258 daAuts
     D:2: 1149 daAuts
     D:6: 1148 daAuts
     D:1: 1046 daAuts
     D:4: 950 daAuts
     D:3: 920 daAuts
     D:5: 828 daAuts
     D:8: 787 daAuts
  Lair:1: 190 daAuts
